General information
- name: BNet
- type: Ladder 1vs1/FFA
- host: Battle.net
- saver: MUGARO
map: EchoIsles
- players: 2
- length: 24:06
- speed: Fast
- version: 1.23 W3XP
- replay type: Public
» download(93 KB)
Players
team 1 (winner)
MUGARO (
purple | 98 APM | 2373 actions | 24:06)
6 Death Knight
3 Death Coil
3 Unholy Aura
5 Lich
3 Frost Nova
1 Dark Ritual
1 Frost Armor
3 Naga Sea Witch
2 Frost Arrows
1 Forked Lightning
» actions
| Assign group hotkey | 41 | |
| Basic commands | 17 | |
| Build / train | 69 | |
| ESC pressed | 2 | |
| Enter build submenu | 19 | |
| Enter hero's abilities submenu | 14 | |
| Right click | 1229 | |
| Select / deselect | 455 | |
| Select group hotkey | 422 | |
| Use ability | 105 | |
2373 total
» units
| Acolyte | 15 | |
| Ghoul | 8 | |
| Gargoyle | 10 | |
| Obsidian Statue | 3 | |
| Meatwagon | 2 | |
| Frost Wyrm | 3 | |
41 total
» upgrades
| Creature Attack | 2 | |
| Creature Carapace | 1 | |
| Ghoul Frenzy | 1 | |
| Stone Form | 1 | |
5 total
» buildings
| Altar of Darkness | 1 | |
| Ziggurat | 7 | |
| Crypt | 2 | |
| Tomb of Relics | 1 | |
| Halls of the Dead | 1 | |
| Graveyard | 1 | |
| Black Citadel | 1 | |
| Slaughterhouse | 1 | |
| Necropolis | 1 | |
| Sacrificial Pit | 1 | |
| Boneyard | 1 | |
18 total
» build order
00:07 Altar of Darkness
00:09 Ziggurat
00:33 Crypt
00:59 Tomb of Relics
01:26 Ziggurat
02:51 Halls of the Dead
03:41 Graveyard
03:52 Ziggurat
03:59 Crypt
07:18 Ziggurat
09:09 Black Citadel
12:34 Ziggurat
13:46 Slaughterhouse
15:23 Ziggurat
15:52 Necropolis
17:39 Ziggurat
17:58 Sacrificial Pit
18:54 Boneyard
» items
| Rod of Necromancy | 2 | |
| Dust of Appearance | 1 | |
| Orb of Corruption | 1 | |
4 total
team 2 (loser)

»
Killer.Game (
yellow | 102 APM | 2454 actions | 24:05)
4 Dark Ranger
2 Black Arrow
2 Silence
2 Pandaren Brewmaster
1 Breath of Fire
1 Drunken Haze
» actions
| Assign group hotkey | 123 | |
| Basic commands | 95 | |
| Build / train | 99 | |
| ESC pressed | 9 | |
| Enter build submenu | 39 | |
| Enter hero's abilities submenu | 6 | |
| Give item / drop item | 2 | |
| Right click | 1325 | |
| Select / deselect | 511 | |
| Select group hotkey | 125 | |
| Use ability | 120 | |
2454 total
» units
| Wisp | 56 | |
| Archer | 16 | |
| Druid of the Claw | 2 | |
| Dryad | 6 | |
| Forest Troll Shadow Priest | 1 | |
| Forest Troll Berserker | 1 | |
82 total
» upgrades
| Druid of the Claw Training | 1 | |
1 total
» buildings
| Ancient of War | 1 | |
| Moon Well | 6 | |
| Altar of Elders | 1 | |
| Tree of Ages | 1 | |
| Hunter's Hall | 1 | |
| Ancient Protector | 18 | |
| Ancient of Lore | 3 | |
| Tree of Life | 2 | |
| Ancient of Wonders | 1 | |
34 total
» build order
00:08 Ancient of War
00:21 Moon Well
01:01 Altar of Elders
01:31 Moon Well
03:16 Tree of Ages
03:35 Hunter's Hall
04:15 Moon Well
04:20 Moon Well
04:39 Ancient Protector
04:43 Ancient Protector
05:50 Ancient of Lore
06:25 Tree of Life
07:38 Ancient of Lore
08:27 Ancient Protector
08:28 Ancient of Lore
08:29 Ancient Protector
09:39 Tree of Life
10:19 Ancient Protector
10:21 Ancient Protector
11:07 Ancient Protector
11:13 Ancient Protector
11:15 Ancient Protector
11:33 Ancient Protector
12:48 Ancient Protector
13:53 Ancient Protector
13:57 Ancient of Wonders
15:37 Ancient Protector
17:27 Ancient Protector
17:28 Ancient Protector
17:51 Ancient Protector
18:49 Ancient Protector
18:50 Ancient Protector
21:41 Moon Well
23:04 Moon Well
» items
| Scroll of Town Portal | 1 | |
| Staff of Preservation | 1 | |
| Potion of Healing | 3 | |
5 total
Chat log
(16:43 / All) MUGARO: towers are for cowards
(16:59 / All) Killer.Game: garging is for pussys
(17:05 / All) Killer.Game: Lucky elf is my worst
(17:06 / All) MUGARO: rather i fiend like every other retard?
(17:07 / All) Killer.Game: ur horrid
(17:14 / All) MUGARO: k
(17:16 / All) MUGARO: leave
(17:19 / All) Killer.Game: na
(17:49 / All) MUGARO: i should fiend like every other retarded undead
(17:59 / All) Killer.Game: idk whos worse u or kodos
(18:00 / All) Killer.Game: rofl
(18:09 / All) MUGARO: why, both of us can beat you pretty easy
(18:13 / All) Killer.Game: wrong
(18:15 / All) Killer.Game: i rick rolled u both
(18:16 / All) Killer.Game: 2v1
(18:18 / All) Killer.Game: ur fuckin baddies
(18:31 / All) MUGARO: looks to me you just got dominated here
(18:54 / All) Killer.Game: looks to me like u got some towers to kill
(18:58 / All) MUGARO: getting meatwagons
(19:00 / All) MUGARO: you're a coward
(19:02 / All) MUGARO: mad over losing?
(19:10 / All) Killer.Game: do u hear the shit that comes outta ur mouth
(19:12 / All) Killer.Game: how many games u played
(19:15 / All) Killer.Game: n u still 50%
(19:16 / All) Killer.Game: rofl
(19:18 / All) MUGARO: wrong nerd
(19:19 / All) MUGARO: 60%
(19:23 / All) Killer.Game: woah
(19:26 / All) Killer.Game: u hit 60% after 10k
(19:29 / All) Killer.Game: bout timee
(19:32 / All) MUGARO: you play more than i do
(19:36 / All) Killer.Game: wrong
(19:39 / All) MUGARO: just becuase you make 100 accounts to do it doesnt mean you dont
(19:41 / All) Killer.Game: ur on every time in on
(19:43 / All) Killer.Game: u fuckin nerd
(19:57 / All) Killer.Game: name 1 aka i have
(19:58 / All) Killer.Game: Plz.
(20:02 / All) Killer.Game: ur the nigger that smurfs
(20:03 / All) Killer.Game: rofl
(20:03 / All) MUGARO: i dont know who you are but i know your type
(20:08 / All) MUGARO: i dont smurf
(20:09 / All) Killer.Game: i know your type
(20:11 / All) Killer.Game: rofl
(20:22 / All) MUGARO: you hide behind 1000 smurf accounts and pretend you dont mass
(20:30 / All) MUGARO: get this, kodos and i dont care about %
(20:35 / All) MUGARO: we amm abuse and could be much higher
(20:44 / All) Killer.Game: oh really
(20:47 / All) Killer.Game: nerd making excuses
(20:49 / All) Killer.Game: cute
(20:53 / All) MUGARO: you're the one hiding behind towres mad over losing
(20:57 / All) MUGARO: talk about excuses
(20:57 / All) Killer.Game: mad?
(21:00 / All) Killer.Game: ur bitching cuz i towered
(21:03 / All) Killer.Game: sounds
(21:04 / All) Killer.Game: nerdy
(21:05 / All) Killer.Game: imo
(21:08 / All) MUGARO: you're the one mad over losing nerd
(21:16 / All) Killer.Game: im so mad
(21:17 / All) MUGARO: im not the one hiding behidn towers crying
(21:27 / All) Killer.Game: yeh thats it
(21:31 / All) Killer.Game: cuz ur first win against me
(21:32 / All) Killer.Game: in 10 games
(21:34 / All) Killer.Game: rofl
(21:40 / All) MUGARO: i dont even think ive ever lpayed you until now
(22:07 / All) MUGARO: you're just as disappointing as every other maphacking nerd that thinks they're special
(22:22 / All) Killer.Game: sounds like ur mad
(22:23 / All) Killer.Game: rofl
(22:27 / All) MUGARO: again, you hide behidn towers not me
(22:28 / All) Killer.Game: u kno so much about wc
(22:30 / All) Killer.Game: what do u know
(22:31 / All) Killer.Game: about life?
(22:33 / All) Killer.Game: wah towers
(22:36 / All) Killer.Game: omg teched
(22:38 / All) Killer.Game: u hide behind tower
(22:40 / All) Killer.Game: cuz ur main has 1
(22:41 / All) Killer.Game: ur noob
(22:44 / All) Killer.Game: hypocritical
(22:45 / All) Killer.Game: ?
(22:49 / All) Killer.Game: sound retarded enough for u
(22:50 / All) Killer.Game: mayb u see
(22:51 / All) MUGARO: sitting here blabbing about how you think im such a nerd
(22:52 / All) Killer.Game: how u fuckin sound
(22:54 / All) Killer.Game: stupid gook
(22:57 / All) MUGARO: blah blah blah nerd leave
(23:02 / All) MUGARO: you lose get over it
(23:09 / All) Killer.Game: bla bla bla
(23:12 / All) Killer.Game: mmm bk
(23:16 / All) Killer.Game: happy huntin with 2k g
(23:18 / All) MUGARO: farmhiding and towering because you're so mad over losing
(23:25 / All) Killer.Game: na jus cuz u cry
(23:30 / All) MUGARO: nobody's crying except you
(23:36 / All) Killer.Game: im crying?
(23:40 / All) MUGARO: you're towered and hiding
(23:41 / All) MUGARO: mad over losing
(23:44 / All) Killer.Game: define this logic
(23:47 / All) Killer.Game: how am i mad?
(23:50 / All) MUGARO: i can define it quite easily nerd
(23:53 / All) Killer.Game: how does towering make me mad?
(23:56 / All) Killer.Game: explain
(24:00 / All) MUGARO: because if you werent mad youd leave
(24:00 / All) Killer.Game: u cant ur too fuckin stupid